 Dungeon Crawl Stone Soup version 0.22.1-2-g9c5b331 (webtiles) character file.

1224 Haldmier the Chiller (level 8, 0/57 (58) HPs)
             Began as a Merfolk Ice Elementalist on Dec 19, 2018.
             Was a Follower of Vehumet.
             Killed from afar by an electric eel (12 damage)
             ... with a bolt of electricity
             ... on level 6 of the Dungeon.
             The game lasted 00:30:28 (6882 turns).

Haldmier the Chiller (Merfolk Ice Elementalist)     Turns: 6882, Time: 00:30:29

HP:   0/57 (58)     AC:  4    Str:  8    XL:     8   Next: 47%
MP:   10/13         EV: 14    Int: 16    God:    Vehumet [*.....]
Gold: 179           SH:  0    Dex: 15    Spells: 4/14 levels left

rFire    . . .     SeeInvis +   t - +0 spear
rCold    . . .     Gourm    .   (no shield)
rNeg     . . .     Faith    .   d - +0 leather armour
rPois    +         Spirit   .   (no helmet)
rElec    .         Reflect  .   l - +0 cloak
rCorr    .         Harm     .   (no gloves)
MR       .....                  (no boots)
Stlth    ++........             (no amulet)
HPRegen  0.19/turn              g - ring of see invisible
MPRegen  0.13/turn              r - ring of poison resistance

@: very slightly contaminated
A: change form in water, swift swim, stealthy swim
a: Renounce Religion


You were on level 6 of the Dungeon.
You worshipped Vehumet.
Vehumet was aware of your devotion.
You were not hungry.

You visited 2 branches of the dungeon, and saw 7 of its levels.

You collected 179 gold pieces.

Inventory:

Hand Weapons
 j - a +0 trident
 q - a +1 mace of venom
 t - a +0 spear (weapon)
Missiles
 b - 66 stones
 A - 5 tomahawks (quivered)
Armour
 d - a +0 leather armour (worn)
 l - a +0 cloak (worn)
Magical Staves
 x - an uncursed staff of fire {unknown}
Jewellery
 f - an uncursed ring of ice {unknown}
 g - a ring of see invisible (left hand)
 r - a ring of poison resistance (right hand)
Wands
 z - a wand of paralysis (3)
Scrolls
 a - a scroll of enchant armour {unknown}
 e - a scroll of blinking
 h - a scroll of immolation
 p - 3 scrolls of teleportation
 v - a scroll of magic mapping
 w - a scroll of identify
 y - a scroll of amnesia
Potions
 i - 2 potions of agility {unknown}
 k - a potion of mutation {unknown}
 m - 2 potions of berserk rage {unknown}
 n - 3 potions of curing
 o - 2 potions of flight
 s - a potion of lignification {unknown}
 u - 3 potions of might {unknown}
Comestibles
 c - 5 rations
 B - 3 chunks of flesh


   Skills:
 + Level 3.3 Fighting
 + Level 3.7 Polearms
 + Level 5.2 Dodging
 - Level 3.0 Stealth
 + Level 3.6 Spellcasting
 + Level 2.6 Conjurations
 + Level 3.0 Charms
 + Level 2.1 Summonings
 * Level 6.4 Ice Magic


You had 4 spell levels left.
You knew the following spells:

 Your Spells              Type           Power        Failure   Level  Hunger
a - Freeze                Ice            ###.         1%          1    None
b - Throw Frost           Conj/Ice       ###...       6%          2    ##.....
c - Ozocubu's Armour      Chrm/Ice       ###.....     11%         3    ###....
d - Summon Ice Beast      Ice/Summ       ###.....     41%         4    ####...

Your spell library contained the following spells:

 Spells                   Type           Power        Failure   Level  Hunger
 Magic Dart               Conj           ##..         9%          1    None
 Shock                    Conj/Air       #...         16%         1    None
 Swiftness                Chrm/Air       #.......     21%         2    ##.....
 Throw Icicle             Conj/Ice       ###.....     36%         4    ####...
 Static Discharge         Conj/Air       #.......     41%         3    ###....
 Airstrike                Air            #.........   94%         4    ####...
 Lightning Bolt           Conj/Air       #.........   99%         5    ######.


Dungeon Overview and Level Annotations

Branches:
Dungeon (6/15)             Temple (1/1) D:5

Altars:
Ashenzari
Cheibriados
Dithmenos
Elyvilon
Fedhas
Gozag
Hepliaklqana
Kikubaaqudgha
Makhleb
Nemelex Xobeh
Okawaru
Qazlal
Ru
Sif Muna
Trog
Uskayaw
Vehumet
Wu Jian
Xom
Zin
The Shining One
Jiyva

Annotations:
D:5 Crystal room


Message History

Aiming: Freeze (safe; 1% risk of failure)
Press: ? - help, Shift-Dir - straight line, f - electric eel
Aim: an electric eel (water)
You freeze the electric eel.
The electric eel is heavily wounded.
The electric eel shoots out a bolt of lightning at you!
The bolt of electricity hits you! x2
* * * LOW HITPOINT WARNING * * *
The bolt of electricity hits the electric eel.
The electric eel completely resists.
Casting: Freeze (safe; 1% risk of failure)
Confirm with . or Enter, or press ? or * to list all spells.
Aiming: Freeze (safe; 1% risk of failure)
Press: ? - help, Shift-Dir - straight line, f/p - electric eel
Aim: an electric eel (water, heavily wounded)
You freeze the electric eel.
The electric eel seems to slow down.
The electric eel is almost dead.
The electric eel shoots out a bolt of lightning at you!
The bolt of electricity misses you. The bolt of electricity hits you!
You die...

#.# ..###
...###.....##...#
...##.....#....#
###..##..........#
.................
#..##..........
#..###......# #
#...........###.#
≈≈#@..##..........#
#≈;....###.÷...####
##≈#...#..........#
#≈#..............#
#≈...............#
#≈..........######
# #≈.........## #≈
#≈.........#### #≈#
##≈.#..........#


You could see an electric eel.

Vanquished Creatures
  Prince Ribbit (D:5)
  Eustachio (D:4)
  An ice beast (D:6)
  A necrophage (D:4)
  A centaur (D:5)
  Blork the orc (D:4)
  A howler monkey (D:4)
  A bullfrog zombie (D:6)
  A centaur zombie (D:6)
  2 hounds (D:6)
  A jelly (D:5)
  2 orc wizards
  Ijyb (D:3)
  Terence (D:3)
  An iguana (D:5)
  5 worker ants
  2 hound skeletons (D:4)
  A worker ant zombie (D:5)
  A gnoll (D:1)
  2 adders
  An adder skeleton (D:4)
  2 worms (D:2)
  2 dart slugs (D:2)
  2 leopard geckos
  7 orcs
  A ball python (D:1)
  3 bats
  2 giant cockroaches
  2 hobgoblins
  8 jackals
  4 quokkas
  A frilled lizard (D:2)
  5 goblins
  6 kobolds
  A leopard gecko skeleton (D:3)
  7 rats
82 creatures vanquished.

Vanquished Creatures (others)
  A rat (D:2)
1 creature vanquished.

Grand Total: 83 creatures vanquished

Notes
Turn   | Place    | Note
-------+----------+-------------------------------------------
     0 | D:1      | Haldmier the Merfolk Ice Elementalist began the quest for
                  | the Orb.
     0 | D:1      | Reached XP level 1. HP: 13/13 MP: 3/3
   210 | D:1      | Reached XP level 2. HP: 10/19 MP: 0/5
  1137 | D:1      | Learned a level 2 spell: Throw Frost
  1226 | D:2      | Found a white marble altar of Elyvilon.
  1282 | D:2      | Reached XP level 3. HP: 24/24 MP: 4/6
  1650 | D:2      | Found a radiant altar of Vehumet.
  1681 | D:2      | Became a worshipper of Vehumet
  2229 | D:2      | Reached skill level 1 in Conjurations
  2229 | D:2      | Reached skill level 4 in Ice Magic
  2450 | D:3      | Found a sacrificial altar of Ru.
  2559 | D:3      | Noticed Terence
  2653 | D:3      | Noticed Ijyb
  2653 | D:3      | Paralysed by Ijyb for 2 turns
  2659 | D:3      | Paralysed by Ijyb for 4 turns
  2665 | D:3      | Paralysed by Ijyb for 3 turns
  2672 | D:3      | Killed Ijyb
  2672 | D:3      | Reached skill level 1 in Fighting
  2672 | D:3      | Reached XP level 4. HP: 25/32 MP: 0/7
  2791 | D:3      | Reached * piety under Vehumet
  2791 | D:3      | Offered knowledge of Magic Dart by Vehumet.
  2975 | D:3      | Learned a level 3 spell: Ozocubu's Armour
  3102 | D:3      | Killed Terence
  3102 | D:3      | Reached XP level 5. HP: 33/37 MP: 8/8
  3175 | D:3      | Found a hazy altar of Hepliaklqana.
  3623 | D:4      | Noticed Eustachio
  3828 | D:4      | Killed Eustachio
  3828 | D:4      | Reached skill level 1 in Polearms
  3828 | D:4      | Reached skill level 1 in Charms
  3828 | D:4      | Reached skill level 5 in Ice Magic
  3828 | D:4      | Reached XP level 6. HP: 40/44 MP: 3/10
  3921 | D:4      | Learned a level 4 spell: Summon Ice Beast
  3946 | D:4      | Noticed a necrophage
  3977 | D:4      | Killed a necrophage
  4236 | D:4      | Noticed Blork the orc
  4244 | D:4      | Killed Blork the orc
  4244 | D:4      | Reached XP level 7. HP: 33/49 MP: 6/11
  4399 | D:4      | Found a hide-covered altar of Uskayaw.
  4399 | D:4      | Found an iron altar of Okawaru.
  4764 | D:4      | Reached skill level 1 in Summonings
  5095 | D:5      | Entered Level 5 of the Dungeon
  5321 | D:5      | Found a staircase to the Ecumenical Temple.
  5330 | Temple   | Entered the Ecumenical Temple
  5604 | D:5      | Found a shattered altar of Ashenzari.
  5881 | D:5      | Noticed Prince Ribbit
  5901 | D:5      | Killed Prince Ribbit
  5901 | D:5      | Reached skill level 6 in Ice Magic
  5901 | D:5      | Reached XP level 8. HP: 46/57 MP: 1/13
  6045 | D:5      | Found an opulent altar of Gozag.
  6079 | D:5      | Found a stormy altar of Qazlal.
  6536 | D:6      | Reached skill level 5 in Dodging
  6625 | D:6      | Found a blossoming altar of Fedhas.
  6882 | D:6      | Killed from afar by an electric eel

Skill      XL: |  1  2  3  4  5  6  7  8 |
---------------+-------------------------+-----
Dodging        | 3 4 5 |  5.2
Conjurations   | 1 2 |  2.6
Ice Magic      | 4 5 6 |  6.4
Stealth        | 3 |  3.0
Fighting       | 1 2 3 |  3.3
Polearms       | 1 2 3 |  3.7
Charms         | 1 2 3 |  3.0
Spellcasting   | 3 |  3.6
Summonings     | 1 2 |  2.1

Action                   |  1- 3 |  4- 6 |  7- 9 || total
-------------------------+-------+-------+-------++-------
Melee: Spear             |     9 |    86 |   100 ||   195
Throw: Stone             |    67 |    10 |     4 ||    81
       Tomahawk          |       |       |     2 ||     2
 Cast: Freeze            |    69 |    37 |    63 ||   169
       Ozocubu's Armour  |       |     2 |     4 ||     6
  Use: Scroll            |       |     7 |       ||     7
 Stab: Sleeping          |       |     3 |     1 ||     4
  Eat: Chunk             |     6 |     2 |     7 ||    15
       Ration            |       |     1 |     1 ||     2
Armor: Robe              |     6 |     2 |       ||     8
       Leather armour    |       |    32 |    34 ||    66
Dodge: Dodged            |    28 |   102 |    95 ||   225
